 Dungeon Crawl Stone Soup version 0.19.0-16-g73b5abf (webtiles) character file.

13904 Krapule the Fighter (level 11, -7/101 HPs)
             Began as a Minotaur Hunter on Nov 10, 2016.
             Was a High Priest of Okawaru.
             Mangled by a komodo dragon (19 damage)
             ... on level 2 of the Lair of Beasts.
             The game lasted 00:53:43 (13699 turns).

Krapule the Fighter (Minotaur Hunter)              Turns: 13699, Time: 00:53:45

Health: -7/101     AC: 19    Str: 17    XL:     11   Next: 81%
Magic:  0/16       EV: 11    Int: 10    God:    Okawaru [*****.]
Gold:   407        SH:  0    Dex: 12    Spells: 0 memorised, 10 levels left

rFire  . . .     SeeInvis .     b - +0 quarterstaff (speed)
rCold  + . .     Gourm    .     j - +1 chain mail {MR+}
rNeg   . . .     Faith    .     (shield currently unavailable)
rPois  .         Spirit   +     Z - +0 hat {Spirit}
rElec  .         Reflect  .     h - +2 cloak
rCorr  .         Harm     .     L - +0 pair of gloves {archery}
MR     +....                    w - +0 pair of boots
Stlth  ..........               z - amulet of magic regeneration
                                B - ring of protection from fire
                                F - ring of ice

@: about to teleport, slowed, very slow
A: retaliatory headbutt, horns 2
a: Heroism, Finesse, Renounce Religion


You were on level 2 of the Lair of Beasts.
You worshipped Okawaru.
Okawaru was extremely pleased with you.
You were not hungry.

You visited 2 branches of the dungeon, and saw 12 of its levels.

You collected 670 gold pieces.
You spent 263 gold pieces at shops.

Inventory:

Hand Weapons
 a - a +1 shortbow
 b - a +0 quarterstaff of speed (weapon)
Missiles
 d - 176 arrows
 U - 2 throwing nets (quivered)
Armour
 h - a +2 cloak (worn)
 j - a +1 chain mail of magic resistance (worn)
 w - a +0 pair of boots (worn)
 L - a +0 pair of gloves of archery (worn)
 Z - a +0 hat of spirit shield (worn)
Magical Staves
 T - an uncursed staff of power {unknown}
Jewellery
 q - an uncursed ring of positive energy
 z - an amulet of magic regeneration (around neck)
 B - a ring of protection from fire (right hand)
 F - a ring of ice (left hand)
 J - an uncursed ring of poison resistance
Wands
 y - a wand of slowing (26/48)
 G - a wand of flame (21/48)
 R - a wand of acid (8/15)
 V - a wand of iceblast (5/15)
 W - a wand of lightning (4/15)
Scrolls
 g - 3 scrolls of teleportation
 k - 5 scrolls of remove curse
 m - a scroll of enchant weapon
 n - 5 scrolls of immolation
 r - 3 scrolls of magic mapping
 v - 4 scrolls of fog
 D - 2 scrolls of enchant armour
 E - a scroll of recharging
 I - 4 scrolls of amnesia
 K - 2 scrolls of blinking {unknown}
 O - a scroll of silence
 P - 2 scrolls of random uselessness {unknown}
 Y - a scroll of vulnerability {unknown}
Potions
 e - 4 potions of curing
 l - 2 potions of heal wounds
 s - a potion of lignification
 u - 3 potions of brilliance
 x - a potion of ambrosia
 C - a potion of cancellation
 H - a potion of mutation
 M - 3 potions of agility
 S - a potion of magic
 X - a potion of flight
Comestibles
 c - 6 chunks of flesh
 f - 15 bread rations
 o - 5 meat rations
 p - 2 fruits
 t - 8 beef jerkies
 A - 4 slices of pizza


   Skills:
 + Level 10.7 Fighting
 + Level 10.5 Bows
 + Level 10.3 Armour
 + Level 9.7 Dodging
 - Level 0.7 Stealth
 + Level 8.4 Invocations


You had 10 spell levels left.
You didn't know any spells.

Dungeon Overview and Level Annotations

Branches:
Dungeon (10/15)            Temple (0/1) D:6            Lair (2/6) D:9
 Shoals (0/4) Lair:2
  Snake: Lair:2-4    Spider: Lair:2-4       Orc: D:9-12

Altars:
Cheibriados
Elyvilon
Kikubaaqudgha
Makhleb
Nemelex Xobeh
Okawaru
Qazlal
Ru
Trog
Vehumet
Xom
Yredelemnul
Zin
The Shining One

Shops:
D:4 [   D:6 *   D:7 :   D:9 *

Annotations:
Lair:2 Fannar, Urug


Innate Abilities, Weirdness & Mutations

You reflexively headbutt those who attack you in melee.
You have a pair of horns on your head.


Message History

The komodo dragon bites you! The yak gores you!
* * * LOW HITPOINT WARNING * * *
The yak closely misses you. The yak gores you but does no damage.
The yak barely misses you. You furiously retaliate!
You headbutt the yak! The yak gores you.
* * * LOW HITPOINT WARNING * * *
The komodo dragon bites you.
* * * LOW HITPOINT WARNING * * *
Urug completely misses you. The yak gores you.
* * * LOW HITPOINT WARNING * * *
The yak closely misses you. You furiously retaliate!
You headbutt the yak! The yak completely misses you.
The torpor snail bites you!
* * * LOW HITPOINT WARNING * * *
The komodo dragon bites you but does no damage.
As you read the scroll of teleportation, it crumbles to dust.
You feel strangely unstable. The komodo dragon bites you!!
You die...

...................
.................#
..........#.#....#
.........###.....##
.........#.#.....P#
..................### #..
.................#..##......
#.....P##.....YlY..........
#########.....Yw@.........##
#.....oY......##...#
#...(.......#.##..#
#......(....####..#
##......(...##....# ###
#.........(......# #
###.P#####................#.#
.......<......<.....###(...#
.......Y.....#.#....# #P<.##


You could see Urug, a torpor snail, a komodo dragon and 4 yaks.

Vanquished Creatures
  Gastronok (Lair:2)
  A hydra (Lair:1)
  The ghost of Nattefrost the Basher, a novice NaBe of Trog (D:7)
  Nergalle (Lair:1)
  Pikel (D:7)
  Maurice (D:10)
  The ghost of OvidiusNaso the Conjurer, a novice HuCj (D:5)
  2 komodo dragons (Lair:1)
  A spiny frog (Lair:1)
  5 hippogriffs
  Sigmund (D:5)
  13 yaks
  A wyvern (Lair:2)
  A basilisk (Lair:1)
  A hungry ghost (D:8)
  Grum (D:8)
  Edmund (D:4)
  3 water moccasins
  2 porcupines (Lair:1)
  2 orc warriors
  2 sky beasts
  2 ice beasts
  2 phantoms (D:10)
  3 slaves
  8 ogres
  7 wolves
  2 centaurs
  5 crocodiles
  The ghost of Mlkhall the Magician, an amateur DEWz (D:3)
  4 bullfrogs
  4 wights (D:8)
  2 howler monkeys (D:7)
  A centaur zombie (D:3)
  2 crimson imps
  2 jellies
  3 bullfrog zombies
  A centaur skeleton (D:9)
  6 hounds
  An orc wizard (D:8)
  A quasit (D:8)
  A bullfrog skeleton (D:4)
  8 orc priests
  An iguana (D:10)
  9 worker ants
  Ijyb (D:2)
  A killer bee zombie (D:7)
  A hound zombie (D:9)
  5 hound skeletons
  A mummy (D:9)
  3 worker ant zombies
  Robin (D:2)
  3 gnolls
  9 adders
  A shadow imp (D:8)
  2 oozes
  An adder zombie (D:9)
  3 worms
  A dart slug (D:4)
  5 leopard geckos
  15 orcs
  2 ball pythons (D:4)
  3 giant cockroaches
  16 goblins
  5 hobgoblins
  12 jackals
  6 quokkas
  9 bats
  5 frilled lizards
  A giant cockroach zombie (D:4)
  7 kobolds
  A quokka skeleton (D:4)
  A quokka zombie (D:8)
  10 rats
250 creatures vanquished.

Vanquished Creatures (others)
  A bush (Lair:1)
  3 fungi
  2 plants (Lair:1)
6 creatures vanquished.

Grand Total: 256 creatures vanquished

Notes
Turn   | Place    | Note
-------+----------+-------------------------------------------
     0 | D:1      | Krapule the Minotaur Hunter began the quest for the Orb.
     0 | D:1      | Reached XP level 1. HP: 18/18 MP: 0/0
   424 | D:1      | Reached XP level 2. HP: 25/25 MP: 1/1
   930 | D:2      | Reached skill level 1 in Armour
  1023 | D:2      | Reached XP level 3. HP: 30/31 MP: 2/2
  1102 | D:2      | Found an iron altar of Okawaru.
  1112 | D:2      | Became a worshipper of Warmaster Okawaru
  1165 | D:2      | Noticed Ijyb
  1184 | D:2      | Killed Ijyb
  1185 | D:2      | Reached XP level 4. HP: 34/38 MP: 3/3
  1212 | D:2      | Found a faded altar of an unknown god.
  1219 | D:2      | Noticed Robin
  1249 | D:2      | Killed Robin
  1249 | D:2      | Reached skill level 5 in Bows
  1429 | D:2      | Reached skill level 1 in Invocations
  1843 | D:3      | Noticed Mlkhall's ghost (amateur DEWz)
  1858 | D:3      | Killed Mlkhall's ghost
  1858 | D:3      | Reached XP level 5. HP: 46/46 MP: 3/5
  2539 | D:4      | Reached XP level 6. HP: 50/53 MP: 6/6
  2594 | D:4      | Reached * piety under Okawaru
  2832 | D:4      | Noticed Edmund
  2915 | D:4      | Killed Edmund
  2915 | D:4      | Reached skill level 5 in Fighting
  3183 | D:4      | Reached XP level 7. HP: 61/61 MP: 7/7
  3455 | D:4      | Found Ykku's Antique Armour Emporium.
  4125 | D:5      | Entered Level 5 of the Dungeon
  4173 | D:5      | Noticed OvidiusNaso's ghost (novice HuCj)
  4211 | D:5      | HP: 3/61 [OvidiusNaso's ghost/magic dart (5)]
  4479 | D:5      | Found a shimmering altar of Xom.
  4608 | D:5      | Found a sparkling altar of Nemelex Xobeh.
  4940 | D:5      | Noticed Sigmund
  4949 | D:5      | Killed Sigmund
  4949 | D:5      | Reached ** piety under Okawaru
  4949 | D:5      | Reached skill level 5 in Dodging
  4949 | D:5      | Reached XP level 8. HP: 40/70 MP: 9/9
  5203 | D:5      | Killed OvidiusNaso's ghost
  5203 | D:5      | Reached skill level 5 in Armour
  5443 | D:6      | Reached *** piety under Okawaru
  5479 | D:6      | Found a glowing golden altar of the Shining One.
  5506 | D:6      | Found Oliyrch's General Store.
  5565 | D:6      | Found a staircase to the Ecumenical Temple.
  5670 | D:6      | Found a burning altar of Makhleb.
  5689 | D:6      | Found a glowing silver altar of Zin.
  5689 | D:6      | Noticed an angel
  5690 | D:6      | Noticed a balrug
  5768 | D:6      | Found a radiant altar of Vehumet.
  5809 | D:6      | Found a white marble altar of Elyvilon.
  5919 | D:4      | Bought a pair of runed gloves for 231 gold pieces
  6148 | D:7      | Noticed Nattefrost's ghost (novice NaBe)
  6178 | D:7      | Noticed Pikel
  6529 | D:7      | Killed Nattefrost's ghost
  6529 | D:7      | Reached **** piety under Okawaru
  6529 | D:7      | Reached skill level 5 in Invocations
  6529 | D:7      | Reached XP level 9. HP: 76/79 MP: 11/11
  6647 | D:7      | Found Koexkox's Book Shoppe.
  6862 | D:7      | Killed Pikel
  7301 | D:8      | Reached ***** piety under Okawaru
  7311 | D:8      | Noticed Grum
  7327 | D:8      | Killed Grum
  7327 | D:8      | Reached XP level 10. HP: 28/88 MP: 13/13
  7673 | D:8      | Found a bloodstained altar of Trog.
  7924 | D:8      | Found a stormy altar of Qazlal.
  8087 | D:9      | Found a basalt altar of Yredelemnul.
  8145 | D:9      | Found a snail-covered altar of Cheibriados.
  8232 | D:9      | Found Orreack's General Store.
  8238 | D:9      | Bought a scroll of identify for 32 gold pieces
  8287 | D:9      | Found a staircase to the Lair.
  8333 | D:9      | Found a shimmering altar of Xom.
  8383 | D:9      | Received a gift from Okawaru
  8665 | D:9      | Found an ancient bone altar of Kikubaaqudgha.
  8695 | D:9      | Found a sacrificial altar of Ru.
  8956 | D:10     | Entered Level 10 of the Dungeon
  9165 | D:10     | Noticed Maurice
  9268 | D:10     | Received a gift from Okawaru
  9290 | D:10     | Got a crystal rapier {god gift}
  9562 | D:10     | Identified the +3 rapier of Ukkosk {freeze, *Corrode Int+7} (Okawaru gifted it to you on level 10 of the Dungeon)
  9938 | D:10     | Killed Maurice
 10217 | Lair:1   | Entered Level 1 of the Lair of Beasts
 10250 | Lair:1   | Noticed a five-headed hydra
 10267 | Lair:1   | Killed a five-headed hydra
 10267 | Lair:1   | Reached XP level 11. HP: 28/99 MP: 10/15
 10781 | Lair:1   | Noticed Nergalle
 11299 | Lair:1   | Reached skill level 10 in Fighting
 11623 | Lair:1   | Received a gift from Okawaru
 11623 | Lair:1   | Reached skill level 10 in Bows
 11849 | Lair:1   | Killed Nergalle
 11849 | Lair:1   | Received a gift from Okawaru
 12557 | Lair:2   | Found a staircase to the Shoals.
 12558 | Lair:2   | Noticed Fannar
 12714 | Lair:2   | Noticed Urug
 12913 | Lair:2   | Noticed Gastronok
 12963 | Lair:2   | Killed Gastronok
 12963 | Lair:2   | Reached skill level 10 in Armour
 13699 | Lair:2   | Mangled by a komodo dragon

Skill      XL: |  1  2  3  4  5  6  7  8  9 10 11 |
---------------+----------------------------------+-----
Fighting       | 3 4 5 7 8 9 10 | 10.7
Armour         | 1 2 3 4 6 7 9 10 | 10.3
Dodging        | 3 4 5 6 7 8 9 |  9.7
Bows           | 5 6 7 8 9 10 | 10.5
Invocations    | 1 2 3 5 6 7 8 |  8.4
Stealth        | |  0.7

Action                   |  1- 3 |  4- 6 |  7- 9 | 10-12 || total
-------------------------+-------+-------+-------+-------++-------
Melee: Whip              |    81 |    56 |       |       ||   137
       Headbutt          |    16 |    32 |    63 |   152 ||   263
       Halberd           |       |   151 |   236 |       ||   387
       Quarterstaff      |       |       |    97 |   634 ||   731
 Fire: Shortbow          |     4 |     2 |    75 |   116 ||   197
Invok: Heroism           |       |       |     3 |     6 ||     9
       Finesse           |       |       |       |     2 ||     2
  Use: Scroll            |       |       |    12 |    13 ||    25
       Potion            |       |       |     1 |     2 ||     3
  Eat: Chunk             |     1 |     7 |    13 |    22 ||    43
Armor: Chain mail        |    55 |   141 |   231 |   278 ||   705
       Leather armour    |     2 |       |       |       ||     2
       Skin              |       |       |       |    10 ||    10
Dodge: Dodged            |    35 |   115 |   163 |   266 ||   579
